 Dungeon Crawl Stone Soup version 0.28-a0-863-g8cecda6153 (webtiles) character file.

Game seed: 11136302396132922681

685 TheGamechu the Covered (level 7, -5/62 HPs)
             Began as a Minotaur Fighter on Nov 16, 2021.
             Slain by a two-headed ogre (16 damage)
             ... on level 5 of the Dungeon.
             The game lasted 00:10:35 (4190 turns).

TheGamechu the Covered (Minotaur Fighter)           Turns: 4190, Time: 00:10:36

Health: -5/62      AC: 12    Str: 20    XL:     7   Next: 35%
Magic:  6/6        EV: 11    Int:  5    God:
Gold:   144        SH:  5    Dex: 12    Spells: 6/6 levels left

rFire   . . .      SeeInvis .   a - +0 war axe (venom)
rCold   . . .      Faith    .   c - +0 buckler
rNeg    . . .      Spirit   .   n - +0 chain mail
rPois   .          Reflect  .   (helmet restricted)
rElec   .          Harm     .   (no cloak)
rCorr   .          Rampage  .   m - +1 pair of gloves
Will    .....                   (no boots)
Stlth   ..........              (no amulet)
HPRegen 0.20/turn               j - +4 ring of evasion
MPRegen 0.10/turn               (no ring)

@: no status effects
A: horns 2, retaliatory headbutt
a: no special abilities


You were on level 5 of the Dungeon.
You visited 1 branch of the dungeon, and saw 5 of its levels.

You collected 144 gold pieces.

Inventory:

Hand Weapons
 a - a +0 war axe of venom (weapon)
Missiles
 f - 92 stones (quivered)
Armour
 c - a +0 buckler (worn)
 m - a +1 pair of gloves (worn)
 n - a +0 chain mail (worn)
Jewellery
 j - a +4 ring of evasion (left hand)
Wands
 k - a wand of acid (8)
Scrolls
 b - a scroll of amnesia {unknown}
 o - a scroll of brand weapon
Potions
 d - a potion of might
 e - a potion of mutation
 g - a potion of attraction
 h - a potion of degeneration
 i - a potion of curing
 l - a potion of ambrosia {unknown}


   Skills:
 + Level 5.8 Fighting
 + Level 5.2 Axes
 + Level 3.3 Throwing
 - Level 6.5 Armour
 - Level 4.0 Shields


You had 6 spell levels left.
You didn't know any spells.
Your spell library contained the following spells:

 Spells                   Type           Power      Damage    Failure   Level
 Corpse Rot               Necr/Air       0%         N/A       100%        2
 Dispel Undead            Necr           0%         3d6       100%        4
 Death Channel            Necr           0%         N/A       100%        6


Dungeon Overview and Level Annotations

Branches:
Dungeon (5/15)
 Temple: D:4-7

Altars:
Ashenzari

Shops:
D:1 !


Innate Abilities, Weirdness & Mutations

You have a pair of horns on your head.
You reflexively headbutt those who attack you in melee.


Message History

You hit the quokka but do no damage.
The quokka is poisoned.
You headbutt the quokka.
You kill the quokka!
No target in view!
No target in view!
A two-headed ogre is nearby!
A two-headed ogre is nearby!
The two-headed ogre shouts in stereo!
You see here a quokka corpse.
You barely miss the two-headed ogre.
The two-headed ogre hits you with a +0 giant spiked club!
The two-headed ogre barely misses you.
You hit the two-headed ogre.
The two-headed ogre is poisoned.
The two-headed ogre is lightly wounded.
The two-headed ogre hits you with a +0 giant spiked club.
The two-headed ogre hits you with a +0 giant club!
You are too injured to fight recklessly!
You are too injured to fight recklessly!
The two-headed ogre looks more healthy.
Okay, then.
Okay, then.
Throw: 92 stones
Press: ? - help, Q - select action, (/) - cycle Shift-Dir - straight line, f - two-headed ogre
Aim: a two-headed ogre, wielding a +0 giant spiked club and a +0 giant club (lightly wounded, 75% to hit)
Okay, then.
Aiming: Corrosive Bolt
Press: ? - help, Shift-Dir - straight line, f - two-headed ogre
Aim: a two-headed ogre, wielding a +0 giant spiked club and a +0 giant club (lightly wounded, 86% to hit)
The bolt of acid misses the two-headed ogre.
The two-headed ogre barely misses you. x2
Okay, then.
Aiming: Corrosive Bolt
Press: ? - help, Shift-Dir - straight line, f/p - two-headed ogre
Aim: a two-headed ogre, wielding a +0 giant spiked club and a +0 giant club (lightly wounded, 86% to hit)
The bolt of acid hits the two-headed ogre.
The two-headed ogre is moderately wounded.
The two-headed ogre hits you with a +0 giant spiked club!!
* * * LOW HITPOINT WARNING * * *
The two-headed ogre hits you with a +0 giant club!
You die...

..≈≈≈≈.≈...####..##..###
#.≈≈≈≈≈≈.## #.........
#P≈≈≈≈≈..# #.##..####
#.P≈≈≈♣≈## #.##..#
#..≈.≈≈≈P## #.##..#
#..≈≈≈♣..## #.##..#
#.........# #.##..####
##........####.##......
#....@O.............##
#...÷....##########...
##<..÷...# ####
#.......# #)......#
#########


You could see a two-headed ogre.

Vanquished Creatures
  A hornet zombie (D:5)
  2 necrophages
  A scorpion (D:4)
  2 hounds
  A bullfrog skeleton (D:5)
  2 iguanas (D:5)
  Terence (D:2)
  9 adders
  2 white imps (D:5)
  2 worms
  2 dart slugs
  4 orcs
  8 endoplasms
  3 giant cockroaches
  9 goblins
  14 hobgoblins
  9 kobolds
  2 quokkas
  4 ball pythons
  8 bats
  4 frilled lizards
  3 rats
  A spectral hobgoblin (D:1)
94 creatures vanquished.

Vanquished Creatures (others)
  11 plants (D:5)
11 creatures vanquished.

Grand Total: 105 creatures vanquished

Notes
Turn   | Place    | Note
-------+----------+-------------------------------------------
     0 | D:1      | TheGamechu the Minotaur Fighter began the quest for the
                  | Orb.
     0 | D:1      | Reached XP level 1. HP: 19/19 MP: 0/0
   251 | D:1      | Reached XP level 2. HP: 23/27 MP: 1/1
   636 | D:1      | Reached skill level 4 in Armour
   896 | D:1      | Found Seco's Distillery.
   975 | D:1      | Reached XP level 3. HP: 33/33 MP: 2/2
   990 | D:1      | Found a faded altar of an unknown god.
  1842 | D:2      | Reached skill level 1 in Throwing
  1859 | D:2      | Noticed a necrophage
  1867 | D:2      | Killed a necrophage
  1868 | D:2      | Reached XP level 4. HP: 36/41 MP: 3/3
  1868 | D:2      | Reached XP level 5. HP: 41/47 MP: 4/4
  2189 | D:2      | Noticed Terence
  2195 | D:2      | Killed Terence
  2747 | D:3      | Reached skill level 5 in Armour
  2868 | D:3      | Found a broken altar of Ashenzari.
  2873 | D:3      | Reached skill level 5 in Fighting
  3539 | D:4      | Reached XP level 6. HP: 55/56 MP: 5/5
  3770 | D:5      | Entered Level 5 of the Dungeon
  3807 | D:5      | Noticed a two-headed ogre
  3820 | D:4      | Reached skill level 6 in Armour
  3954 | D:5      | Reached XP level 7. HP: 61/61 MP: 6/6
  4110 | D:5      | Reached skill level 5 in Axes
  4190 | D:5      | Slain by a two-headed ogre

Illustrated notes

Levels and vault maps discovered:
D:1:      eino_arrival_cavern_e, layout_basic,
          dreamdust_ecumenical_altar_drowned_temple, serial_shops,
          nicolae_diamond_shop
D:2:      minmay_door_path, layout_loops_ring, uniq_terence
D:3:      layout_basic, mainiacjoe_overflow_tiny_flanked, dk_noncrumbling_4
D:4:      layout_basic
D:5:      layout_loops_ring, minmay_temple_entry_glassed_door, serial_bayou,
          serial_bayou_lagoon_a, serial_bayou_pond_c, serial_bayou_pond_b,
          serial_bayou_pond_e, abandoned_shop, minmay_manual_mess

Skill      XL: |  1  2  3  4  5  6  7 |
---------------+----------------------+-----
Fighting       | 4 5 |  5.8
Armour         | 4 5 6 |  6.5
Shields        | 4 |  4.0
Axes           | 3 4 5 |  5.2
Throwing       | 1 2 3 |  3.3

Action                   |  1- 3 |  4- 6 |  7- 9 || total
-------------------------+-------+-------+-------++-------
Melee: War axe           |    99 |   131 |    24 ||   254
       Headbutt          |    16 |    21 |     8 ||    45
Evoke: Wand              |       |       |     2 ||     2
  Use: Scroll            |     3 |     8 |       ||    11
Armor: Scale mail        |    51 |    44 |       ||    95
       Chain mail        |       |    20 |     9 ||    29
Dodge: Dodged            |    46 |    58 |    21 ||   125
Block: Buckler           |    17 |    23 |     8 ||    48

Table legend: (Time is in decaauts)
 A = Elapsed time spent in this place.
 B = Non-inter-level travel time spent in this place.
 C = Inter-level travel time spent in this place.
 D = Time resting spent in this place.
 E = Time spent auto-exploring this place.
 F = Levels seen in this place.
 G = Mean time per level.
                   A        B        C        D        E       F      G
               +--------+--------+--------+--------+--------+-----+--------+
         Total |   4274 |   4048 |    226 |    100 |   3224 |   5 |  854.8 |
       Dungeon |   4274 |   4048 |    226 |    100 |   3224 |   5 |  854.8 |
               +--------+--------+--------+--------+--------+-----+--------+

Top non-repeatable levels by time:
     D:2: 1320 daAuts
     D:1: 1279 daAuts
     D:3: 682 daAuts
     D:4: 669 daAuts
     D:5: 322 daAuts
